 Dungeon Crawl Stone Soup version 0.21-a0-426-g98080a9 (webtiles) character file.

224547 tof the Impregnable (level 18, 0/173 HPs)
             Began as a Minotaur Berserker on Nov 7, 2017.
             Was the Champion of Trog.
             Slain by a sea snake (8 damage)
             ... on level 4 of the Shoals.
             The game lasted 01:59:11 (34704 turns).

tof the Impregnable (Minotaur Berserker)           Turns: 34704, Time: 01:59:12

Health: 0/173      AC: 40    Str: 32    XL:     18   Next: 59%
Magic:  17/17      EV: 16    Int:  8    God:    Trog [******]
Gold:   1620       SH: 14    Dex: 15    Spells: 17/17 levels left

rFire    + . .     SeeInvis .   a - +9 double sword (slice)
rCold    + . .     Gourm    .   y - +0 buckler "Moghagio" {MR++}
rNeg     + . .     Faith    .   o - +9 gold dragon scales
rPois    +         Spirit   .   X - +0 hat
rElec    .         Reflect  +   x - scarf {cloud immunity}
rCorr    .         Harm     .   p - +0 pair of gloves {Str+3}
MR       +++++     NoTele   +   F - +1 pair of boots {run}
Stlth    ..........             T - amulet "Qeuroosm" {Reflect -Tele MR+++ Int+4 SH+6}
HPRegen  0.78/turn              J - ring of positive energy
MPRegen  0.15/turn              Q - +4 ring of evasion

@: lethally poisoned (0 -> -3), berserk cooldown, very slow
A: retaliatory headbutt, horns 2, slimy green scales 1, thin skeletal structure
1, agile 1, blurry vision 2, regeneration 1, MP-powered wands
}: 1/15 runes: serpentine
a: Berserk, Trog's Hand, Brothers in Arms, Burn Spellbooks, Renounce Religion


You were on level 4 of the Shoals.
You worshipped Trog.
Trog was exalted by your worship.
You were very hungry.

You visited 5 branches of the dungeon, and saw 30 of its levels.
You also visited: Labyrinth and Volcano.

You collected 3585 gold pieces.
You spent 1965 gold pieces at shops.

Inventory:

Hand Weapons
 a - a +9 double sword of slicing (weapon)
 b - a +3 antimagic demon blade
 u - the +3 falchion of Painful Death {drain, rF++ Str+2}
   (You found it on level 8 of the Dungeon)

   A truly terrible weapon, it drains the life of those it strikes.
   It affects your strength (+2).
   It greatly protects you from fire.
 v - a +6 long sword of protection
 H - a +0 long sword of flaming
Missiles
 K - 18 steel javelins (quivered)
 O - 39 javelins
Armour
 o - +9 gold dragon scales (worn)
 p - a +0 pair of gloves of strength (worn)
 x - a scarf of cloud immunity (worn)
 y - the +0 buckler "Moghagio" (worn) {MR++}
   (You found it on level 8 of the Dungeon)

   It affects your resistance to hostile enchantments.
 F - a +1 pair of boots of running (worn)
 X - a +0 hat (worn)
Jewellery
 j - an uncursed ring of resist corrosion
 I - an uncursed ring of flight
 J - a ring of positive energy (left hand)
 Q - a +4 ring of evasion (right hand)
 S - a +2 ring of slaying
 T - the amulet "Qeuroosm" (around neck) {Reflect -Tele MR+++ Int+4 SH+6}
   (You bought it in a shop on level 10 of the Dungeon)

   [amulet of reflection]

   It shields you and reflects attacks.
   It affects your intelligence (+4).
   It affects your resistance to hostile enchantments.
   It prevents most forms of teleportation.
   It affects your SH (+6).
Scrolls
 f - 2 scrolls of brand weapon
 h - 2 scrolls of fog
 i - 9 scrolls of identify
 l - 11 scrolls of teleportation
 m - 4 scrolls of blinking
 q - 11 scrolls of remove curse
 w - 6 scrolls of fear
 E - 2 scrolls of recharging
 M - 2 scrolls of enchant weapon
 Y - 3 scrolls of magic mapping
Potions
 d - a potion of resistance
 e - 3 potions of cancellation
 g - 16 potions of curing
 k - 6 potions of might
 n - 9 potions of heal wounds
 s - a potion of invisibility
 z - 5 potions of ambrosia
 A - 8 potions of flight
 B - 4 potions of berserk rage
 C - 8 potions of lignification
 R - a potion of agility
 U - 4 potions of haste
Books
 t - a book of Enchantments

   Spells                             Type                      Level
   a - Cause Fear                     Hexes                        4
   b - Yara's Violent Unravelling     Hexes/Transmutation          5
   c - Silence                        Hexes/Air                    5
   d - Deflect Missiles               Charms/Air                   6
   e - Discord                        Hexes                        8
   Trog disapproves of the use of such an item.
 N - a book of the Earth

   Spells                             Type                      Level
   a - Leda's Liquefaction            Hexes/Earth                  4
   b - Bolt of Magma                  Conjuration/Fire/Earth       5
   c - Statue Form                    Transmutation/Earth          6
   d - Iron Shot                      Conjuration/Earth            6
   e - Shatter                        Earth                        9
   Trog disapproves of the use of such an item.
 W - a book of Power

   Spells                             Type                      Level
   a - Iskenderun's Battlesphere      Conjuration/Charms           5
   b - Venom Bolt                     Conjuration/Poison           5
   c - Bolt of Magma                  Conjuration/Fire/Earth       5
   d - Iron Shot                      Conjuration/Earth            6
   e - Orb of Destruction             Conjuration                  7
   f - Spellforged Servitor           Conjuration/Summoning        7
   Trog disapproves of the use of such an item.
 Z - the Catalogue of Enchantment and Weightlessness
   (You found it in a labyrinth)

   Spells                             Type                      Level
   a - Shock                          Conjuration/Air              1
   b - Swiftness                      Charms/Air                   2
   c - Poisonous Vapours              Poison/Air                   2
   d - Fulminant Prism                Conjuration/Hexes            4
   e - Yara's Violent Unravelling     Hexes/Transmutation          5
   f - Deflect Missiles               Charms/Air                   6
   Trog disapproves of the use of such an item.
Miscellaneous
 L - a fan of gales
 V - a lamp of fire
Comestibles
 c - 4 bread rations
 r - 11 royal jellies
 D - 6 chunks of flesh
 G - 12 meat rations
 P - 15 fruits


   Skills:
 + Level 18.6 Fighting
 + Level 18.7 Long Blades
 - Level 23.0 Armour
 + Level 8.2 Dodging
 + Level 14.7 Shields


You had 17 spell levels left.
You didn't know any spells.

Dungeon Overview and Level Annotations

Branches:
Dungeon (14/15)            Temple (0/1) D:7            Lair (6/6) D:9
 Shoals (4/4) Lair:4        Snake (4/4) Lair:3        Slime (0/5) Lair:6
    Orc (2/2) D:12            Elf (0/3) Orc:2        Vaults (0/5) D:14

Altars:
Elyvilon
Hepliaklqana
Okawaru
Qazlal
Ru
Trog
Vehumet
Beogh

Shops:
D:6 (   D:10 *=   D:13 !}*?   Orc:1 [   Orc:2 [*!}


Innate Abilities, Weirdness & Mutations

You reflexively headbutt those who attack you in melee.
You have a pair of horns on your head.
You are partially covered in slimy green scales. (AC +2)
You have a somewhat thin skeletal structure. (Dex +2, Stealth)
You are agile. (Dex +2)
Scrolls take you longer to read.
Your natural rate of healing is unusually fast.
You expend magic power (3 MP) to strengthen your wands.


Message History

You feel very sick.
The merfolk siren chants a haunting song.
You resist with almost no effort. The sea snake bites you!
* * * LOW HITPOINT WARNING * * *
You block the sea snake's attack.
The merfolk javelineer hits you from afar with a spear of venom.
* * * LOW HITPOINT WARNING * * *
The merfolk hits you but does no damage.
You block the merfolk impaler's attack.
The merfolk aquamancer closely misses you.
You furiously retaliate!
You headbutt the merfolk aquamancer.
You riposte.
You slice the merfolk aquamancer!!
You kill the merfolk aquamancer!
Trog accepts your kill.
Trog appreciates your killing of a magic user.
You hear a splash. x2
The sea snake misses you.
You riposte.
Your unstable footing causes you to fumble your attack.
The sea snake bites you!
You die...

≈................≈≈≈≈≈#
.................≈≈≈≈≈#
..........)......≈≈≈≈≈###
......(..........≈≈(≈≈##≈
........m.......).≈.≈≈≈#)
.....≈mmmmt.........≈≈≈†#
≈...≈≈mmHmm≈≈≈.....≈≈≈≈≈≈
≈≈.≈≈≈≈SS)m≈≈≈≈...≈≈≈≈≈≈≈
≈#≈###≈≈@≈≈≈≈≈#≈≈#≈≈≈≈≈≈≈
#######≈≈≈≈≈≈≈##≈≈##≈≈≈≈≈≈
##≈###≈###≈≈≈≈###≈≈###≈≈≈≈≈
#≈≈≈≈≈≈≈#≈≈≈≈##≈#≈≈#≈##≈≈≈≈
#≈≈#≈#≈≈##≈≈####≈≈≈≈####≈≈≈
##≈≈|≈≈≈##≈≈≈≈≈≈≈≈≈≈≈≈≈.≈≈≈
#≈≈#≈#≈≈##≈...≈≈≈≈≈≈≈≈≈.≈≈≈ ≈≈≈≈
#≈≈≈≈≈≈≈#..<####≈≈≈≈####≈≈≈
≈≈..###≈≈#≈≈≈#≈...##.#≈≈#≈##≈≈.≈


You could see 2 merfolk impalers, a merfolk javelineer, 2 sea snakes, a snapping
turtle, 5 merfolk, a hippogriff and 2 merfolk sirens.

Vanquished Creatures
  Vashnia (Snake:3)
  Nikola (Shoals:2)
  A kraken (Shoals:3)
  Kirke (Snake:3)
  Polyphemus (Shoals:1)
  Donald (Snake:1)
  Roxanne (Shoals:2)
  9 nagarajas
  Ilsuiw (Shoals:4)
  Louise (Snake:1)
  Aizul (Snake:3)
  A dire elephant (Lair:6)
  Azrael (D:13)
  3 merfolk javelineers (Shoals:4)
  7 merfolk impalers
  A minotaur (Lab)
  A fire dragon (Volcano)
  Erolcha (D:12)
  13 naga warriors
  2 hydras
  2 vault guards (D:14)
  2 catoblepae
  3 merfolk avatars
  5 merfolk aquamancers
  An alligator snapping turtle (Shoals:4)
  11 anacondas
  2 satyrs (Shoals:3)
  3 centaur warriors
  A deep troll shaman (Lair:6)
  9 death yaks
  7 two-headed ogres
  15 naga sharpshooters
  Urug (D:14)
  9 orc high priests (Orc:2)
  5 shock serpents
  29 sea snakes
  A salamander mystic (Snake:3)
  8 naga ritualists
  3 wizards (D:14)
  The ghost of Ijustatesigmund the Shield-Bearer, a novice OpEn of Okawaru (D:7)
  2 lindwurms
  23 harpies
  An ugly thing (D:11)
  10 mana vipers
  An orc sorcerer (Orc:2)
  17 manticores
  10 salamanders
  A deep elf mage (D:14)
  10 fauns
  An oklob plant (Lair:2)
  Maurice (D:13)
  7 cyclopes
  8 guardian serpents (Snake:4)
  6 water nymphs
  7 merfolk sirens
  16 elephants
  9 naga magi
  9 spiny frogs
  8 gargoyles
  27 black mambas
  6 komodo dragons
  2 rime drakes
  25 merfolk
  A harpy zombie (Shoals:1)
  4 wind drakes
  6 trolls
  7 polar bears
  12 snapping turtles
  8 slime creatures
  3 blink frogs (Lair:3)
  11 hippogriffs
  A centaur simulacrum (D:14)
  A shadow (D:12)
  7 water elementals
  2 wraiths
  6 fire bats (Volcano)
  2 wyverns
  4 hogs (D:7)
  26 yaks
  A fire elemental (D:13)
  6 basilisks
  22 humans
  3 hungry ghosts
  Eustachio (D:4)
  Menkaure (D:5)
  13 wargs
  51 nagas
  Duvessa (D:4)
  8 porcupines
  27 water moccasins
  10 hell hounds
  A swamp drake (Lair:5)
  2 phantoms
  2 sky beasts
  A hornet zombie (D:12)
  A black bear (Lair:6)
  16 orc warriors
  An eye of draining (D:12)
  4 ice beasts
  10 wolves
  8 centaurs
  11 ogres
  9 crocodiles
  2 big kobolds
  4 hippogriff zombies (Shoals:1)
  22 bullfrogs
  A gnoll sergeant (D:8)
  Dowan (D:4)
  A wyvern skeleton (D:14)
  3 scorpions
  6 killer bees (D:9)
  4 howler monkeys
  6 lava snakes (Volcano)
  A bullfrog zombie (D:7)
  7 crimson imps
  4 electric eels
  A quasit (D:9)
  8 hounds
  2 centaur zombies
  17 orc wizards
  3 bullfrog skeletons
  38 orc priests
  7 centaur skeletons
  15 jellies
  Jessica (D:2)
  8 iguanas
  9 worker ants
  2 hound zombies (D:11)
  2 hound skeletons
  9 gnolls
  27 adders
  2 shadow imps
  2 oozes
  A worm (D:2)
  3 dart slugs
  5 leopard geckos
  82 orcs
  9 bats
  6 giant cockroaches
  5 hobgoblins
  10 jackals
  13 kobolds
  2 quokkas
  11 frilled lizards
  A giant cockroach zombie (D:5)
  8 goblins
  2 quokka skeletons
  7 rats
  A fungus (D:2)
  7 plants
  4 tentacles (Shoals:3)
1077 creatures vanquished.

Vanquished Creatures (collateral kills)
  A merfolk javelineer (Shoals:4)
  A merfolk aquamancer (Shoals:4)
  2 death yaks (Lair:6)
  A snapping turtle (Shoals:4)
5 creatures vanquished.

Vanquished Creatures (others)
  2 merfolk javelineers
  2 naga sharpshooters
  A sea snake (Shoals:2)
  A manticore (Shoals:4)
  2 fauns
  5 humans (Snake:3)
  A centaur (Shoals:2)
  18 fungi
  18 plants
  13 tentacles
63 creatures vanquished.

Grand Total: 1145 creatures vanquished

Notes
Turn   | Place    | Note
-------+----------+-------------------------------------------
     0 | D:1      | tof the Minotaur Berserker began the quest for the Orb.
     0 | D:1      | Reached XP level 1. HP: 19/19 MP: 0/0
   160 | D:1      | Reached XP level 2. HP: 27/27 MP: 1/1
   875 | D:2      | Reached XP level 3. HP: 26/33 MP: 2/2
  1073 | D:2      | Reached skill level 3 in Armour
  1075 | D:2      | Found an iron altar of Okawaru.
  1083 | D:2      | Reached ** piety under Trog
  1336 | D:2      | Found a faded altar of an unknown god.
  1483 | D:2      | Noticed Jessica
  1489 | D:2      | Killed Jessica
  1489 | D:2      | Reached skill level 1 in Shields
  1489 | D:2      | Reached XP level 4. HP: 20/40 MP: 3/3
  1872 | D:3      | Reached skill level 5 in Long Blades
  2377 | D:3      | Found a stormy altar of Qazlal.
  2378 | D:3      | Found a hazy altar of Hepliaklqana.
  2743 | D:4      | Reached XP level 5. HP: 45/46 MP: 4/4
  2781 | D:4      | Noticed Eustachio
  2790 | D:4      | Killed Eustachio
  2790 | D:4      | Reached skill level 4 in Armour
  2790 | D:4      | Reached XP level 6. HP: 48/53 MP: 5/5
  2819 | D:4      | Reached *** piety under Trog
  2830 | D:4      | Found a sacrificial altar of Ru.
  2830 | D:4      | Found a white marble altar of Elyvilon.
  2950 | D:4      | Reached skill level 5 in Fighting
  2950 | D:4      | Reached skill level 5 in Armour
  3081 | D:4      | Noticed Duvessa
  3082 | D:4      | Noticed Dowan
  3100 | D:4      | Killed Duvessa
  3100 | D:4      | Reached XP level 7. HP: 55/61 MP: 6/6
  3163 | D:4      | Killed Dowan
  3346 | D:4      | Reached skill level 6 in Armour
  3799 | D:5      | Entered Level 5 of the Dungeon
  3925 | D:5      | Reached XP level 8. HP: 61/70 MP: 7/7
  4030 | D:5      | Reached skill level 7 in Armour
  4224 | D:5      | Reached **** piety under Trog
  4713 | D:5      | Noticed Menkaure
  4724 | D:5      | HP: 1/71 [Menkaure (10)]
  4728 | D:5      | Killed Menkaure
  5021 | D:6      | Reached skill level 5 in Shields
  5330 | D:6      | Found Kaniwnol's Antique Weapon Boutique.
  5390 | D:6      | Found a radiant altar of Vehumet.
  5567 | D:7      | Reached skill level 8 in Armour
  5651 | D:7      | Noticed Ijustatesigmund's ghost (novice OpEn)
  5989 | D:7      | Killed Ijustatesigmund's ghost
  5989 | D:7      | Reached skill level 9 in Armour
  5989 | D:7      | Reached XP level 9. HP: 79/79 MP: 8/8
  6319 | D:7      | Found a staircase to the Ecumenical Temple.
  6490 | D:7      | Reached skill level 10 in Armour
  7043 | D:8      | Noticed a two-headed ogre
  7080 | D:8      | Killed a two-headed ogre
  7080 | D:8      | Reached XP level 10. HP: 90/90 MP: 9/9
  7207 | D:8      | Noticed a two-headed ogre
  7226 | D:8      | Killed a two-headed ogre
  7226 | D:8      | Reached skill level 11 in Armour
  7614 | D:8      | Gained mutation: You are agile. (Dex +2) [mutagenic meat]
  7615 | D:8      | Gained mutation: You expend magic power (3 MP) to strengthen your wands. [mutagenic meat]
  7616 | D:8      | Gained mutation: You are occasionally teleported next to monsters. [mutagenic meat]
  7617 | D:8      | Gained mutation: You have a somewhat thin skeletal structure. (Dex +2, Stealth) [mutagenic meat]
  7873 | D:8      | Got a scorched buckler
  7884 | D:8      | Identified the +0 buckler "Moghagio" {MR++} (You found it on level 8 of the Dungeon)
  7992 | D:8      | Reached ***** piety under Trog
  8037 | D:8      | Got a translucent falchion
  8038 | D:8      | Identified the +3 falchion of Painful Death {drain, rF++ Str+2} (You found it on level 8 of the Dungeon)
  8157 | D:9      | Noticed a two-headed ogre
  8161 | D:9      | Killed a two-headed ogre
  8174 | D:9      | Reached skill level 12 in Armour
  8175 | D:9      | Found a staircase to the Lair.
  8201 | D:9      | Received a gift from Trog
  8603 | D:9      | Noticed a gargoyle
  8609 | D:9      | Killed a gargoyle
  8609 | D:9      | Reached skill level 10 in Long Blades
  8617 | D:9      | Noticed a gargoyle
  8630 | D:9      | Killed a gargoyle
  8731 | D:9      | Noticed a gargoyle
  8743 | D:9      | Killed a gargoyle
  8743 | D:9      | Reached XP level 11. HP: 94/99 MP: 10/10
  8798 | D:9      | Reached skill level 10 in Fighting
  9040 | D:9      | Noticed a two-headed ogre
  9049 | D:9      | Killed a two-headed ogre
  9204 | D:9      | Reached skill level 13 in Armour
  9460 | D:10     | Entered Level 10 of the Dungeon
  9471 | D:10     | Noticed a two-headed ogre
  9482 | D:10     | Killed a two-headed ogre
  9632 | D:10     | Found Ruic's Jewellery Boutique.
  9640 | D:10     | Noticed a two-headed ogre
  9652 | D:10     | Killed a two-headed ogre
  9758 | D:10     | Found Ifiuca's Changing Room.
 10480 | D:11     | Noticed a white ugly thing
 10491 | D:11     | Killed a white ugly thing
 10511 | D:11     | Gained mutation: You are partially covered in slimy green scales. (AC +2) [mutagenic meat]
 10512 | D:11     | Gained mutation: You are frail. (-10% HP) [mutagenic meat]
 10514 | D:11     | Lost mutation: You are frail. (-10% HP) [mutagenic meat]
 10614 | D:11     | Reached skill level 10 in Shields
 10931 | D:11     | Reached skill level 14 in Armour
 11189 | D:12     | Found a staircase to the Orcish Mines.
 11221 | D:12     | Reached XP level 12. HP: 105/110 MP: 11/11
 11492 | D:12     | Noticed a two-headed ogre
 11500 | D:12     | Killed a two-headed ogre
 11697 | D:12     | Noticed Erolcha
 11717 | D:12     | Killed Erolcha
 12252 | D:10     | Bought the amulet "Qeuroosm" {Reflect -Tele MR+++ Int+4 SH+6} for 795 gold pieces
 12304 | Lair:1   | Entered Level 1 of the Lair of Beasts
 12803 | Lair:1   | Received a gift from Trog
 12803 | Lair:1   | Reached skill level 15 in Armour
 14582 | Lair:3   | Found a dark tunnel.
 14590 | Volcano  | Entered a volcano
 14780 | Volcano  | Noticed a fire dragon
 14813 | Volcano  | Found a bloodstained altar of Trog.
 14831 | Volcano  | Reached XP level 13. HP: 100/118 MP: 12/12
 14923 | Volcano  | Killed a fire dragon
 15308 | Lair:3   | Reached skill level 16 in Armour
 15309 | Lair:3   | Found a staircase to the Snake Pit.
 16326 | Lair:4   | Found a staircase to the Shoals.
 17920 | Lair:5   | Reached ****** piety under Trog
 17992 | Lair:5   | Reached skill level 17 in Armour
 17997 | Lair:5   | Received a gift from Trog
 18370 | Lair:6   | Entered Level 6 of the Lair of Beasts
 18681 | Lair:6   | Found a staircase to the Slime Pits.
 18748 | Lair:6   | Reached XP level 14. HP: 128/129 MP: 13/13
 19299 | Lair:6   | Received a gift from Trog
 19649 | Lair:6   | Reached skill level 18 in Armour
 20211 | Lair:6   | Got a polished whip
 20212 | Lair:6   | Identified the +8 whip of Responsibility {protect, +Blink} (You found it on level 6 of the Lair of Beasts)
 20431 | D:13     | Found Juruaxyo's Distillery.
 20443 | D:13     | Bought a potion of brilliance for 56 gold pieces
 20443 | D:13     | Bought a potion of agility for 56 gold pieces
 20443 | D:13     | Bought 2 potions of might for 112 gold pieces
 20443 | D:13     | Bought a potion of flight for 42 gold pieces
 20443 | D:13     | Lost mutation: You are occasionally teleported next to monsters. [potion of mutation]
 20443 | D:13     | Gained mutation: Scrolls take you a little longer to read. [potion of mutation]
 20443 | D:13     | Gained mutation: Scrolls take you longer to read. [potion of mutation]
 20443 | D:13     | Gained mutation: Your natural rate of healing is unusually fast. [potion of mutation]
 20591 | D:13     | Found Niomig's Assorted Antiques.
 20599 | D:13     | Bought 3 scrolls of identify for 210 gold pieces
 20599 | D:13     | Bought a scroll of identify for 70 gold pieces
 20726 | D:13     | Noticed Maurice
 20726 | D:13     | Noticed Azrael
 20738 | D:13     | Killed Maurice
 20742 | D:13     | Killed Azrael
 21013 | D:13     | Found Mycoing's Magic Scroll Shop.
 21021 | D:13     | Bought 2 scrolls of enchant armour for 195 gold pieces
 21021 | D:13     | Bought 2 scrolls of identify for 52 gold pieces
 21021 | D:13     | Bought a scroll of enchant armour for 97 gold pieces
 21092 | D:13     | Found Engiac's Gadget Shop.
 21604 | D:14     | Found a labyrinth entrance.
 21606 | D:14     | Noticed Urug
 21623 | D:14     | Killed Urug
 21646 | Lab      | Entered a labyrinth
 21870 | Lab      | Got an iridescent dagger {pain}
 21876 | Lab      | Identified the Catalogue of Enchantment and Weightlessness
 21899 | Lab      | Got a serpentine steel amulet
 21904 | Lab      | Got a distressingly furry leather armour
 21906 | Lab      | Identified the amulet of Kementor {Spirit rPois Str+3 Int+3} (You found it in a labyrinth)
 22021 | D:14     | Identified a +0 pair of boots of running (You found it in a labyrinth)
 22187 | D:14     | Reached skill level 19 in Armour
 22258 | D:14     | Got a twisted quarterstaff
 22264 | D:14     | Identified the +10 quarterstaff of the Grave {crush, Str+5 Int+3} (You found it on level 14 of the Dungeon)
 22365 | D:14     | Found a gate to the Vaults.
 22389 | D:14     | Received a gift from Trog
 22389 | D:14     | Reached XP level 15. HP: 139/139 MP: 14/14
 22895 | Orc:1    | Entered Level 1 of the Orcish Mines
 22909 | Orc:1    | Found Waptout's Antique Armour Shoppe.
 23056 | Orc:1    | Found a bloodstained altar of Trog.
 23067 | Orc:1    | Found a roughly hewn altar of Beogh.
 23199 | Orc:2    | Entered Level 2 of the Orcish Mines
 23355 | Orc:2    | Received a gift from Trog
 23405 | Orc:2    | Reached skill level 15 in Long Blades
 23433 | Orc:2    | Found Kyosifulau's General Store.
 23433 | Orc:2    | Found Wihuizan's Armour Boutique.
 23568 | Orc:2    | Bought a potion of haste for 150 gold pieces
 23643 | Orc:2    | Reached skill level 15 in Fighting
 23656 | Orc:2    | Found Esecve's Gadget Emporium.
 23656 | Orc:2    | Found Xukhylup's Distillery.
 23843 | Orc:2    | Bought a potion of resistance for 130 gold pieces
 23893 | Orc:2    | Found a staircase to the Elven Halls.
 23989 | Orc:2    | Found a roughly hewn altar of Beogh.
 24629 | Snake:1  | Entered Level 1 of the Snake Pit
 25415 | Snake:1  | Noticed Donald
 25440 | Snake:1  | Killed Donald
 25440 | Snake:1  | Reached skill level 20 in Armour
 25570 | Snake:1  | Noticed Louise
 25592 | Snake:1  | Killed Louise
 25810 | Snake:2  | Noticed a nagaraja
 25875 | Snake:2  | Killed a nagaraja
 26761 | Snake:3  | Noticed Kirke
 26778 | Snake:3  | Killed Kirke
 26853 | Snake:3  | Noticed Vashnia
 26892 | Snake:3  | Killed Vashnia
 26892 | Snake:3  | Reached XP level 16. HP: 151/151 MP: 15/15
 26894 | Snake:3  | Received a gift from Trog
 27013 | Snake:3  | Reached skill level 21 in Armour
 27626 | Snake:3  | Noticed Aizul
 27658 | Snake:3  | Killed Aizul
 27877 | Snake:4  | Entered Level 4 of the Snake Pit
 28936 | Snake:4  | Reached skill level 22 in Armour
 29266 | Snake:4  | Received a gift from Trog
 29417 | Snake:4  | Reached XP level 17. HP: 161/161 MP: 16/16
 29795 | Snake:4  | Received a gift from Trog
 30309 | Snake:4  | Got a serpentine rune of Zot
 30532 | Shoals:1 | Entered Level 1 of the Shoals
 31476 | Shoals:2 | Noticed Polyphemus
 31476 | Shoals:2 | Noticed Nikola
 31703 | Shoals:1 | Reached skill level 23 in Armour
 31805 | Shoals:2 | Received a gift from Trog
 31822 | Shoals:1 | Killed Polyphemus
 31968 | Shoals:2 | Reached skill level 5 in Dodging
 32028 | Shoals:2 | Killed Nikola
 32750 | Shoals:2 | Noticed Roxanne
 32767 | Shoals:2 | Killed Roxanne
 32951 | Shoals:3 | Reached XP level 18. HP: 103/172 MP: 17/17
 33365 | Shoals:3 | Found a bloodstained altar of Trog.
 33854 | Shoals:4 | Entered Level 4 of the Shoals
 34024 | Shoals:4 | Received a gift from Trog
 34627 | Shoals:4 | Noticed Ilsuiw
 34640 | Shoals:4 | Killed Ilsuiw
 34704 | Shoals:4 | HP: 8/173 [merfolk javelineer/spear of venom (3)]
 34704 | Shoals:4 | Slain by a sea snake

Vault maps used:
D:1:      tarquinn_simple_flora_water_a
D:2:      chequers_ecumenical_altar_simple, minmay_gold_behind_fungi,
          minivault_25, okawaru_ov_weapons_minmay, uniq_jessica
D:3:      kennysheep_big_flooded_room, nicolae_overflow_hidden_temple,
          grunt_ministairs_15, roderic_lattice_a
D:4:      gammafunk_temple_overflow_elements, minmay_misc_feat_pillars,
          uniq_duvessa, uniq_eustachio
D:5:      first_bread, uniq_menkaure
D:6:      serial_shops, nicolae_shop_behind_doors, vehumet_altar_wand_db
D:7:      temple_doors_e, grunt_livestock
D:8:      minmay_stone_trees_small, small_chamber_with_monster
D:9:      cheibrodos_statue_roulette, erik_lair_orcish_takeover,
          evilmike_minifort
D:10:     serial_shops, shop, corexii_leaking_fountain,
          nicolae_transmutations_shop
D:12:     david_orc_2, uniq_erolcha
D:13:     serial_shops, shop, shop, shop, shop, uniq_maurice, uniq_azrael
D:14:     grunt_vaults_entry_tiered, kennysheep_crisscross, lab_entry_generic,
          uniq_urug
Lair:1:   beast_lair_carwin_4, lemuel_fruit_tree, grunt_megastairs_4
Lair:2:   serial_bayou_shore_a, grunt_megastairs_1
Lair:3:   minmay_snake_entry_guardpost_small, lightli_volcano_entry_magma_tube,
          serial_bayou_shore_b
Lair:4:   elwin_shoals_entry_stream
Lair:5:   lemuel_reptile_caves, lookout_lair_type
Lair:6:   grunt_lair_end_beastmaster, minmay_slime_entry_jelly_boxes,
          serial_bayou_pond_a, cheibrodos_lair_lostbears
Shoals:1: nicolae_shoals_circle_sea_wall, nicolae_shoals_undead_eyrie
Shoals:2: uniq_roxanne, uniq_polyphemus, uniq_nikola
Shoals:3: wheals_shoals_ruined_temple
Shoals:4: shoals_end_grunt_ice, shoals_ilsuiw_alternative,
          nicolae_shoals_stone_sculpture_thing
Snake:1:  st_stairs_13, nicolae_snake_serpentine_hallways, spider_trap,
          uniq_donald, uniq_louise
Snake:3:  uniq_kirke, uniq_aizul, uniq_vashnia
Snake:4:  grunt_snake_rune_pools, grunt_ministairs_11, serial_bayou_ford_a
Orc:1:    basic_altar, serial_shops, nicolae_shop_trees, bloody_trog
Orc:2:    st_orc_town
Lab:      labyrinth_spiral, nicolae_lab_blocks
Volcano:  volcano_grotto

Skill      XL: |  1  2  3  4  5  6  7  8  9 10 11 12 13 14 15 16 17 18 |
---------------+-------------------------------------------------------+-----
Long Blades    | 4 5 6 7 8 10 11 12 13 14 16 17 18 | 18.7
Fighting       | 4 5 6 7 8 9 11 12 13 14 15 17 18 | 18.6
Armour         | 3 4 5 6 9 10 12 14 15 17 19 20 22 23 | 23.0
Shields        | 1 2 3 4 6 7 8 10 11 12 13 14 | 14.7
Dodging        | 3 6 8 |  8.2

Action                   |  1- 3 |  4- 6 |  7- 9 | 10-12 | 13-15 | 16-18 || total
-------------------------+-------+-------+-------+-------+-------+-------++-------
Melee: Falchion          |    74 |   168 |   455 |   834 |  1528 |   612 ||  3671
       Headbutt          |     8 |    41 |    95 |   266 |   527 |   390 ||  1327
       Double sword      |       |       |       |       |       |   597 ||   597
Throw: Tomahawk          |       |       |       |     5 |       |       ||     5
       Javelin           |       |       |       |     1 |    23 |    35 ||    59
Invok: Berserk           |       |       |     3 |     3 |    10 |     6 ||    22
       Trog's Hand       |       |       |     2 |       |     5 |     3 ||    10
       Brothers in Arms  |       |       |       |       |     1 |     1 ||     2
 Abil: Evoke Flight      |       |       |       |     2 |       |       ||     2
  Use: Scroll            |       |       |    11 |     7 |    16 |     9 ||    43
       Potion            |       |       |       |       |     4 |     1 ||     5
 Stab: Distracted        |       |       |     1 |       |       |       ||     1
  Eat: Chunk             |     1 |     2 |     7 |    31 |    44 |    10 ||    95
       Bread ration      |       |     1 |     2 |     3 |     2 |     5 ||    13
Armor: Animal skin       |    12 |       |       |       |       |       ||    12
       Leather armour    |     7 |       |       |       |       |       ||     7
       Gold dragon scale |       |    92 |   300 |   317 |   695 |   714 ||  2118
Dodge: Dodged            |    33 |     5 |    11 |   227 |   569 |   592 ||  1437
Block: Large shield      |    30 |   143 |   421 |   118 |       |       ||   712
       Buckler           |       |       |       |   250 |   967 |   905 ||  2122
       Reflection        |       |       |       |     5 |    34 |   115 ||   154
       Rpst.: Falchion   |     8 |     1 |     4 |    60 |   120 |    58 ||   251
       Double sword      |       |       |       |       |       |    53 ||    53

Table legend:
 A = Spawn XP
 B = Non-spawn XP
 C = Spawn XP percentage of total XP
 D = Spawn monster count
 E = Non-spawn monster count
 F = Spawn count percentage of total count
 G = Total turns spent on level
                    A         B        C        D         E        F      G
               +---------+---------+-------+---------+---------+-------+---------
         Total |       0 |  341368 |   0.0 |       0 |    1078 |   0.0 | 34704
               +---------+---------+-------+---------+---------+-------+---------
           D:1 |       0 |      32 |   0.0 |       0 |      20 |   0.0 |   863
           D:2 |       0 |      99 |   0.0 |       0 |      20 |   0.0 |   949
           D:3 |       0 |      62 |   0.0 |       0 |      17 |   0.0 |   886
           D:4 |       0 |    1029 |   0.0 |       0 |      35 |   0.0 |  1101
           D:5 |       0 |     692 |   0.0 |       0 |      23 |   0.0 |  1188
           D:6 |       0 |     180 |   0.0 |       0 |       9 |   0.0 |   753
           D:7 |       0 |    2647 |   0.0 |       0 |      26 |   0.0 |  1126
           D:8 |       0 |    3165 |   0.0 |       0 |      33 |   0.0 |  1222
           D:9 |       0 |    6460 |   0.0 |       0 |      41 |   0.0 |  1435
          D:10 |       0 |    2559 |   0.0 |       0 |       9 |   0.0 |  1036
          D:11 |       0 |    3931 |   0.0 |       0 |      19 |   0.0 |   729
          D:12 |       0 |    6115 |   0.0 |       0 |      43 |   0.0 |  1199
          D:13 |       0 |   10746 |   0.0 |       0 |      39 |   0.0 |  1028
          D:14 |       0 |   13522 |   0.0 |       0 |      39 |   0.0 |  1158
        Lair:1 |       0 |    3035 |   0.0 |       0 |      18 |   0.0 |   751
        Lair:2 |       0 |    3378 |   0.0 |       0 |      16 |   0.0 |  1294
        Lair:3 |       0 |    5600 |   0.0 |       0 |      27 |   0.0 |  1029
        Lair:4 |       0 |    7761 |   0.0 |       0 |      25 |   0.0 |  1595
        Lair:5 |       0 |    8475 |   0.0 |       0 |      49 |   0.0 |  1192
        Lair:6 |       0 |   21394 |   0.0 |       0 |      63 |   0.0 |  1743
      Shoals:1 |       0 |   21240 |   0.0 |       0 |      43 |   0.0 |  1438
      Shoals:2 |       0 |   23323 |   0.0 |       0 |      36 |   0.0 |   878
      Shoals:3 |       0 |   17332 |   0.0 |       0 |      30 |   0.0 |  1006
      Shoals:4 |       0 |   37062 |   0.0 |       0 |      58 |   0.0 |   850
       Snake:1 |       0 |    8998 |   0.0 |       0 |      13 |   0.0 |  1058
       Snake:2 |       0 |   17935 |   0.0 |       0 |      32 |   0.0 |  1125
       Snake:3 |       0 |   36207 |   0.0 |       0 |      50 |   0.0 |  1455
       Snake:4 |       0 |   58637 |   0.0 |       0 |      94 |   0.0 |  2183
         Orc:1 |       0 |    1860 |   0.0 |       0 |      31 |   0.0 |   570
         Orc:2 |       0 |   12495 |   0.0 |       0 |      99 |   0.0 |  1026
           Lab |       0 |    1071 |   0.0 |       0 |       1 |   0.0 |   264
       Volcano |       0 |    4326 |   0.0 |       0 |      20 |   0.0 |   574
               +---------+---------+-------+---------+---------+-------+---------
